[ PARTIDA AOE2 · #494189457 ]
UnrankedCoreanos vs Mongols
Equipo del jugador · VICT
Equipo rival · DERR
[ ANÁLISIS DE REPETICIÓN · EXTRAÍDO DE LA PARTIDA GRABADA ]
Feudal
9:19
Castillos
26:08
Imperial
—
| APM promedio | 27.7 |
| APM pico | 64 |
| eAPM promedio | 14.0 |
| Aldeanos / militares | 43 / 69 |
Foco
⚔️ 36.0% · 🌾 64.0%
Spearman ×45 · Archer ×13 · Battering Ram ×8 · Skirmisher ×3
Feudal
9:11
Castillos
26:05
Imperial
—
| APM promedio | 22.6 |
| APM pico | 44 |
| eAPM promedio | 13.4 |
| Aldeanos / militares | 68 / 22 |
Foco
⚔️ 19.8% · 🌾 80.2%
Skirmisher ×14 · Mangonel ×3 · Mangudai ×3 · Militia ×2
Mapa de la partida
Recursos iniciales + cada clic de construcción. Líneas = muros · curvas = relieve. ◆ oro · ⬟ piedra · ● bayas · ✦ reliquia · ◌ hueco del cierre
Tu base· Abierta — hueco de 5t
Base de KingNadie· Abierta — hueco de 6t
Terreno inicial suavizado · ◌ = hueco del cierre detectado · pasá el cursor para detalles
Inputs por minuto
— Disagri - - KingNadie
Build order — Disagri
Primeras 150 de 168 acciones detectadas
| 0:01 | Crear | Villager (Male) |
| 0:01 | Crear | Villager (Male) |
| 0:03 | Construir | House |
| 0:05 | Construir | House |
| 0:31 | Crear | Villager (Male) |
| 0:32 | Crear | Villager (Male) |
| 1:18 | Crear | Villager (Male) |
| 1:31 | Investigar | Loom |
| 2:07 | Crear | Villager (Male) |
| 2:07 | Crear | Villager (Male) |
| 2:49 | Crear | Villager (Male) |
| 3:29 | Crear | Villager (Male) |
| 3:29 | Crear | Villager (Male) |
| 3:35 | Construir | House |
| 4:15 | Crear | Villager (Male) |
| 4:39 | Crear | Villager (Male) |
| 4:47 | Construir | Lumber Camp |
| 4:51 | Crear | Villager (Male) |
| 5:08 | Crear | Villager (Male) |
| 5:08 | Crear | Villager (Male) |
| 5:34 | Construir | Mill |
| 6:20 | Crear | Villager (Male) |
| 6:34 | Construir | House |
| 7:09 | Investigar | Feudal Age |
| 7:09 | Investigar | Feudal Age |
| 7:52 | Construir | Mining Camp |
| 8:36 | Construir | Barracks |
| 9:19 | Edad | Edad Feudal |
| 9:30 | Construir | Blacksmith |
| 9:31 | Crear | Spearman |
| 9:32 | Crear | Spearman |
| 9:41 | Crear | Villager (Male) |
| 9:41 | Crear | Villager (Male) |
| 9:42 | Crear | Villager (Male) |
| 10:21 | Construir | Archery Range |
| 10:23 | Investigar | Fletching |
| 10:26 | Investigar | Forging |
| 10:56 | Crear | Spearman |
| 11:15 | Crear | Villager (Male) |
| 11:19 | Construir | House |
| 11:24 | Construir | House |
| 11:48 | Crear | Archer |
| 11:48 | Crear | Archer |
| 11:53 | Construir | Farm |
| 11:54 | Construir | Farm |
| 12:02 | Construir | Farm |
| 12:31 | Investigar | Fletching |
| 13:12 | Crear | Archer |
| 13:12 | Crear | Archer |
| 13:13 | Crear | Archer |
| 13:31 | Investigar | Scale Mail Armor |
| 14:07 | Construir | Watch Tower |
| 14:24 | Construir | Mining Camp |
| 14:25 | Crear | Villager (Male) |
| 14:26 | Crear | Villager (Male) |
| 14:26 | Crear | Villager (Male) |
| 14:30 | Construir | Farm |
| 14:30 | Construir | Farm |
| 14:59 | Construir | Archery Range |
| 15:15 | Crear | Archer |
| 15:15 | Crear | Archer |
| 15:15 | Crear | Archer |
| 15:31 | Construir | Mining Camp |
| 15:35 | Construir | House |
| 15:38 | Construir | House |
| 15:40 | Crear | Villager (Male) |
| 15:41 | Crear | Villager (Male) |
| 15:45 | Construir | Farm |
| 15:46 | Construir | Farm |
| 16:19 | Construir | Palisade Wall |
| 16:22 | Construir | Palisade Wall |
| 16:51 | Construir | House |
| 16:52 | Construir | House |
| 17:24 | Investigar | Stone Mining |
| 17:29 | Investigar | Gold Mining |
| 17:32 | Investigar | Double-Bit Axe |
| 17:34 | Crear | Villager (Male) |
| 17:34 | Crear | Villager (Male) |
| 17:39 | Construir | Farm |
| 17:40 | Construir | Farm |
| 17:40 | Construir | Farm |
| 17:55 | Construir | Watch Tower |
| 18:45 | Crear | Villager (Male) ×3 |
| 18:48 | Construir | Farm |
| 18:48 | Construir | Farm |
| 18:49 | Construir | Farm |
| 19:56 | Crear | Villager (Male) |
| 19:57 | Crear | Villager (Male) |
| 19:59 | Construir | Farm |
| 19:59 | Construir | Farm |
| 19:59 | Construir | Farm |
| 21:07 | Construir | Watch Tower |
| 21:23 | Crear | Villager (Male) |
| 21:24 | Crear | Villager (Male) |
| 21:24 | Crear | Villager (Male) |
| 21:24 | Crear | Villager (Male) |
| 21:27 | Construir | Farm |
| 21:27 | Construir | Farm |
| 21:27 | Construir | Farm |
| 22:00 | Crear | Archer ×5 |
| 22:29 | Construir | Farm |
| 22:29 | Construir | Farm |
| 22:29 | Construir | Farm |
| 23:28 | Investigar | Castle Age |
| 23:35 | Construir | Lumber Camp |
| 24:00 | Construir | Watch Tower |
| 24:29 | Investigar | Horse Collar |
| 25:10 | Construir | Watch Tower |
| 26:08 | Edad | Edad de los Castillos |
| 26:14 | Investigar | Bodkin Arrow |
| 26:28 | Investigar | Crossbowman (upgrade) |
| 26:45 | Construir | Siege Workshop |
| 26:50 | Construir | Barracks |
| 27:06 | Investigar | Pikeman (upgrade) |
| 27:07 | Crear | Spearman ×5 |
| 27:12 | Investigar | Iron Casting |
| 27:27 | Crear | Battering Ram |
| 27:29 | Crear | Battering Ram |
| 27:36 | Construir | Lumber Camp |
| 27:48 | Crear | Spearman ×5 |
| 28:10 | Crear | Spearman ×5 |
| 28:34 | Construir | Barracks |
| 28:43 | Construir | Watch Tower |
| 28:50 | Construir | Watch Tower |
| 29:03 | Crear | Spearman ×5 |
| 29:09 | Construir | House |
| 29:10 | Construir | House |
| 29:17 | Crear | Battering Ram |
| 29:32 | Crear | Spearman ×5 |
| 29:51 | Crear | Spearman ×5 |
| 31:59 | Crear | Battering Ram |
| 32:00 | Crear | Battering Ram |
| 32:04 | Construir | House |
| 32:04 | Construir | House |
| 32:04 | Construir | House |
| 32:06 | Construir | House |
| 32:08 | Construir | House |
| 32:09 | Investigar | Chain Mail Armor |
| 32:14 | Investigar | Bow Saw |
| 33:40 | Construir | Watch Tower |
| 33:59 | Crear | Skirmisher |
| 34:00 | Crear | Skirmisher |
| 34:00 | Crear | Skirmisher |
| 34:17 | Construir | Watch Tower |
| 34:57 | Crear | Battering Ram |
| 35:00 | Crear | Spearman ×5 |
| 35:04 | Investigar | Squires |
| 36:26 | Crear | Battering Ram |
| 36:34 | Crear | Spearman ×5 |
| 36:38 | Crear | Battering Ram |
Build order — KingNadie
Primeras 150 de 166 acciones detectadas
| 0:01 | Crear | Villager (Male) |
| 0:01 | Crear | Villager (Male) |
| 0:02 | Crear | Villager (Male) |
| 0:02 | Construir | House |
| 0:04 | Construir | House |
| 0:23 | Crear | Villager (Male) |
| 1:28 | Crear | Villager (Male) |
| 2:08 | Crear | Villager (Male) |
| 2:42 | Crear | Villager (Male) |
| 2:43 | Crear | Villager (Male) |
| 2:46 | Construir | House |
| 2:52 | Construir | Lumber Camp |
| 2:58 | Crear | Villager (Male) |
| 3:09 | Crear | Villager (Male) |
| 3:09 | Crear | Villager (Male) |
| 3:35 | Crear | Villager (Male) |
| 3:36 | Crear | Villager (Male) |
| 5:46 | Crear | Villager (Male) |
| 5:46 | Crear | Villager (Male) |
| 5:52 | Construir | Mill |
| 6:01 | Crear | Villager (Male) |
| 6:37 | Construir | Mining Camp |
| 6:49 | Investigar | Feudal Age |
| 7:06 | Investigar | Loom |
| 9:11 | Edad | Edad Feudal |
| 9:29 | Construir | Barracks |
| 9:32 | Crear | Villager (Male) |
| 9:43 | Construir | House |
| 9:47 | Investigar | Wheelbarrow |
| 9:57 | Construir | Palisade Wall |
| 10:04 | Construir | Palisade Wall |
| 10:05 | Crear | Villager (Male) |
| 10:20 | Construir | Palisade Wall |
| 10:23 | Construir | Palisade Wall |
| 10:26 | Crear | Villager (Male) |
| 10:38 | Crear | Villager (Male) |
| 11:27 | Construir | House |
| 11:40 | Crear | Villager (Male) |
| 11:44 | Construir | Mill |
| 11:53 | Crear | Villager (Male) |
| 12:58 | Construir | Mill |
| 13:00 | Crear | Militia |
| 13:00 | Crear | Militia |
| 13:11 | Crear | Villager (Male) |
| 13:11 | Crear | Villager (Male) |
| 14:01 | Crear | Villager (Male) |
| 14:22 | Construir | Archery Range |
| 15:01 | Crear | Villager (Male) |
| 15:01 | Crear | Villager (Male) |
| 15:07 | Investigar | Man-at-Arms (upgrade) |
| 15:11 | Investigar | Horse Collar |
| 15:20 | Construir | Lumber Camp |
| 15:30 | Construir | Farm |
| 15:33 | Investigar | Double-Bit Axe |
| 15:57 | Construir | Farm |
| 16:00 | Construir | Farm |
| 16:02 | Construir | Farm |
| 16:11 | Crear | Skirmisher |
| 16:11 | Crear | Skirmisher |
| 16:11 | Crear | Skirmisher |
| 16:20 | Construir | House |
| 16:38 | Crear | Villager (Male) |
| 16:52 | Construir | House |
| 16:54 | Construir | House |
| 17:17 | Crear | Villager (Male) |
| 17:17 | Crear | Villager (Male) |
| 17:29 | Construir | House |
| 17:32 | Crear | Villager (Male) |
| 17:48 | Construir | Market |
| 18:15 | Construir | Blacksmith |
| 18:17 | Crear | Villager (Male) |
| 18:29 | Construir | Farm |
| 18:30 | Construir | Farm |
| 18:31 | Construir | Farm |
| 18:42 | Construir | Farm |
| 18:47 | Construir | Farm |
| 18:49 | Construir | Farm |
| 19:14 | Investigar | Padded Archer Armor |
| 19:15 | Crear | Villager (Male) |
| 19:22 | Construir | Farm |
| 19:23 | Crear | Skirmisher |
| 19:24 | Crear | Skirmisher |
| 20:01 | Crear | Skirmisher |
| 20:04 | Crear | Skirmisher |
| 20:06 | Crear | Villager (Male) |
| 20:08 | Crear | Villager (Male) |
| 20:15 | Construir | Farm |
| 20:16 | Construir | Farm |
| 21:35 | Crear | Villager (Male) |
| 21:35 | Crear | Villager (Male) |
| 21:43 | Crear | Skirmisher |
| 21:43 | Crear | Skirmisher |
| 22:15 | Crear | Villager (Male) |
| 22:24 | Construir | Farm |
| 22:34 | Construir | Lumber Camp |
| 22:58 | Crear | Skirmisher |
| 22:59 | Crear | Skirmisher |
| 23:00 | Crear | Villager (Male) |
| 23:01 | Crear | Villager (Male) |
| 23:08 | Investigar | Castle Age |
| 23:15 | Construir | Palisade Wall |
| 23:28 | Construir | Mining Camp |
| 23:41 | Crear | Skirmisher |
| 25:24 | Crear | Villager (Male) |
| 25:40 | Crear | Villager (Male) |
| 25:42 | Crear | Skirmisher |
| 25:43 | Crear | Skirmisher |
| 26:05 | Edad | Edad de los Castillos |
| 26:34 | Construir | Town Center |
| 26:55 | Crear | Villager (Male) |
| 27:00 | Investigar | Fletching |
| 27:02 | Investigar | Scale Barding Armor |
| 28:14 | Crear | Villager (Male) |
| 28:15 | Crear | Villager (Male) |
| 28:15 | Crear | Villager (Male) |
| 28:15 | Crear | Villager (Male) |
| 28:16 | Crear | Villager (Male) |
| 28:45 | Crear | Villager (Male) |
| 28:45 | Crear | Villager (Male) |
| 28:47 | Construir | Farm |
| 29:06 | Construir | Siege Workshop |
| 29:32 | Construir | Lumber Camp |
| 29:56 | Crear | Mangonel |
| 30:18 | Crear | Villager (Male) |
| 30:27 | Crear | Villager (Male) |
| 30:27 | Crear | Villager (Male) |
| 30:28 | Crear | Villager (Male) |
| 30:41 | Construir | Farm |
| 30:44 | Investigar | Bodkin Arrow |
| 31:31 | Crear | Mangonel |
| 31:32 | Crear | Villager (Male) |
| 31:32 | Crear | Villager (Male) |
| 31:59 | Crear | Villager (Male) |
| 32:16 | Crear | Villager (Male) |
| 32:16 | Crear | Villager (Male) |
| 32:17 | Crear | Villager (Male) |
| 32:20 | Investigar | Stone Mining |
| 32:37 | Investigar | Heavy Plow |
| 32:41 | Crear | Villager (Male) |
| 32:42 | Crear | Villager (Male) |
| 32:49 | Construir | Lumber Camp |
| 32:56 | Construir | House |
| 32:58 | Construir | House |
| 32:59 | Construir | House |
| 33:31 | Crear | Mangonel |
| 34:56 | Crear | Villager (Male) |
| 34:57 | Crear | Villager (Male) |
| 35:22 | Construir | Castle |
| 36:00 | Construir | Town Center |
| 36:14 | Construir | Palisade Wall |
Cronología de la partida
| 8:36 | Disagri · first_building Barracks |
| 9:11 | KingNadie · age_up feudal |
| 9:19 | Disagri · age_up feudal |
| 9:29 | KingNadie · first_building Barracks |
| 9:57 | KingNadie · wall_segment Palisade Wall x17 |
| 10:04 | KingNadie · wall_segment Palisade Wall x7 |
| 10:20 | KingNadie · wall_segment Palisade Wall x5 |
| 10:21 | Disagri · first_building Archery Range |
| 10:23 | KingNadie · wall_segment Palisade Wall x7 |
| 14:22 | KingNadie · first_building Archery Range |
| 16:19 | Disagri · wall_segment Palisade Wall x1 |
| 16:22 | Disagri · wall_segment Palisade Wall x1 |
| 23:06 | KingNadie · first_market_buy 100 food |
| 23:15 | KingNadie · wall_segment Palisade Wall x1 |
| 26:05 | KingNadie · age_up castle |
| 26:08 | Disagri · age_up castle |
| 26:45 | Disagri · first_building Siege Workshop |
| 29:06 | KingNadie · first_building Siege Workshop |
| 35:01 | KingNadie · first_market_sell 100 wood |
| 35:22 | KingNadie · first_building Castle |
| 36:14 | KingNadie · wall_segment Palisade Wall x4 |
| 36:17 | KingNadie · wall_segment Palisade Wall x6 |
| 36:22 | KingNadie · wall_segment Palisade Wall x6 |
| 36:25 | KingNadie · wall_segment Palisade Wall x7 |
| 40:46 | KingNadie · resign |
[ ANÁLISIS IA · 1 CRÉDITO ]
¿Qué pasó realmente en esta partida?
Wolo.gg analiza cada decisión: build order, eco, micro, errores típicos por bracket. Análisis personalizado por WhatsApp o Discord en 30 segundos.
Guía civ
Coreanos
Perfil
Jugador #11686367